AoeStats
← [WaW] Vinncce

QS Arena

503708183Analyzed
2v2 RM · 1mo ago on Sep 1, 2026· 30m 37s· 4 players
Game mode
Random Map
Map size
Medium (4 player)
Population
200
Speed
Normal
Resources
Standard
Victory
Conquest
Starting age
Dark Age
Ending age
Imperial Age
RankedLock teamsTeams togetherTeam positionsShared explorationLock speedFull tech treeHidden civsTurbo modeCheats
Victory
Defeat
🇺🇸 Romans · United States
989
+17
🇺🇸 Teutons · United States
952
+18
🇨🇦 Persians · Canada
1000
-52
🇨🇦 Britons · Canada
1000
-52
[WaW] Vinncce
7:53 Feudal Age
8:27 Double-Bit Axe
13:24 Castle Age
11:31 Horse Collar
20:17 Wheelbarrow
21:36 Bow Saw
21:27 Heavy Plow
21:28 Gold Mining
23:59 Hand Cart
23:32 Loom
27:11 Imperial Age
26:04 Husbandry
26:14 Scale Barding Armor
26:20 Forging
26:11 Scale Mail Armor
27:00 Bloodlines
28:17 Chain Barding Armor
28:35 Capped Ram
28:41 Cavalier
30:54 Conscription
Leonidas
9:06 Feudal Age
13:04 Castle Age
11:11 Double-Bit Axe
11:14 Horse Collar
13:01 Stone Mining
14:29 Gold Mining
16:58 Wheelbarrow
20:02 Bow Saw
22:49 Loom
23:20 Hand Cart
26:12 Imperial Age
23:49 Town Watch
24:57 Pikeman
28:28 Chemistry
29:10 Squires
28:56 Gambesons
29:14 Scale Mail Armor
29:25 Forging
29:50 Fletching
30:41 Hoardings
30:31 Ironclad
30:32 Crenellations
phil_march19444
1:37 Loom
9:06 Feudal Age
9:43 Horse Collar
16:09 Castle Age
15:37 Double-Bit Axe
20:10 Wheelbarrow
19:41 Stone Mining
21:50 Scale Barding Armor
BubbaJew91
6:36 Feudal Age
7:35 Horse Collar
9:15 Double-Bit Axe
19:14 Castle Age
Connection lost

Rejoining the realm…

Still unreachable

The connection could not be restored.

Session expired

The server has moved on; the page needs a fresh start.